 Dungeon Crawl Stone Soup version 0.20-a0-1034-gb277f92 (webtiles) character file.

5798 theAP the Basher (level 10, 0/68 HPs)
             Began as a Gargoyle Fighter on Apr 21, 2017.
             Was an Elder of Okawaru.
             Slain by Snorg (6 damage)
             ... on level 10 of the Dungeon.
             The game lasted 00:18:19 (7516 turns).

theAP the Basher (Gargoyle Fighter)                 Turns: 7516, Time: 00:18:20

Health: 0/68       AC: 23    Str: 23 (26) XL:     10   Next: 79%
Magic:  11/11      EV:  9    Int:  7 (9)  God:    Okawaru [****..]
Gold:   138        SH:  9    Dex: 10 (11) Spells: 9/9 levels left

rFire    . . .     SeeInvis .   D - +4 whip (freeze)
rCold    . . .     Gourm    .   c - +0 shield
rNeg     + . .     Faith    .   o - +0 plate armour
rPois    ∞         Spirit   .   v - +2 helmet
rElec    +         Reflect  .   G - +0 cloak
rCorr    .         Harm     .   J - +0 pair of gloves
MR       .....                  (no boots)
Stlth    ..........             (no amulet)
Regen    0.3/turn               n - +4 ring of evasion
MPRegen  0.2/turn               m - +3 ring of strength

@: no status effects
A: hooves 1, agile 1, high mp 1, negative energy resistance 1, electricity
resistance, unbreathing, petrification resistance, rot immunity, sturdy frame 1,
AC +7
a: Heroism, Renounce Religion


You were on level 10 of the Dungeon.
You worshipped Okawaru.
Okawaru was greatly pleased with you.
You were not hungry.

You visited 2 branches of the dungeon, and saw 11 of its levels.

You collected 423 gold pieces.
You spent 285 gold pieces at shops.

Inventory:

Hand Weapons
 D - a +4 whip of freezing (weapon)
Armour
 c - a +0 shield (worn)
 o - a +0 plate armour (worn)
 v - a +2 helmet (worn)
 G - a +0 cloak (worn)
 J - a +0 pair of gloves (worn)
 M - the +2 helmet of the Tundras {+Fly rElec Str+2 Int-4 Slay-6}
   (You bought it in a shop on level 8 of the Dungeon)

   It affects your strength (+2).
   It affects your intelligence (-4).
   It affects your accuracy and damage with ranged weapons and melee attacks
   (-6).
   It insulates you from electricity.
   It lets you fly.
Jewellery
 m - a +3 ring of strength (right hand)
 n - a +4 ring of evasion (left hand)
 u - an uncursed ring of wizardry
 x - an uncursed ring of ice
 B - a -3 ring of intelligence
Wands
 j - a wand of lightning (3/15)
 p - a wand of confusion (31/48)
 s - a wand of flame (30/48)
 t - a wand of digging (11/24)
 y - a wand of iceblast (4/15)
 z - a wand of digging (13/24)
 K - a wand of paralysis (11/24)
 P - a wand of acid (0/15)
 S - a wand of flame (18/48)
Scrolls
 b - a scroll of fear
 i - 10 scrolls of teleportation
 r - a scroll of amnesia
 w - 5 scrolls of remove curse
 I - 2 scrolls of magic mapping
Potions
 d - a potion of might
 e - a potion of haste
 h - 4 potions of lignification
 k - 2 potions of agility
 q - 7 potions of brilliance
 E - 6 potions of curing
 H - a potion of invisibility
 L - 2 potions of degeneration
Books
 a - a book of Frost

   Spells                             Type                      Level
   a - Freeze                         Ice                          1
   b - Throw Frost                    Conjuration/Ice              2
   c - Ozocubu's Armour               Charms/Ice                   3
   d - Throw Icicle                   Conjuration/Ice              4
   e - Summon Ice Beast               Ice/Summoning                4
 A - a book of Geomancy

   Spells                             Type                      Level
   a - Sandblast                      Earth                        1
   b - Passwall                       Transmutation/Earth          2
   c - Stone Arrow                    Conjuration/Earth            3
   d - Petrify                        Transmutation/Earth          4
   e - Lee's Rapid Deconstruction     Earth                        5
 C - a book of Maledictions

   Spells                             Type                      Level
   a - Corona                         Hexes                        1
   b - Ensorcelled Hibernation        Hexes/Ice                    2
   c - Confuse                        Hexes                        3
   d - Tukima's Dance                 Hexes                        3
   e - Dazzling Spray                 Conjuration/Hexes            3
 N - a book of Callings

   Spells                             Type                      Level
   a - Summon Small Mammal            Summoning                    1
   b - Call Imp                       Summoning                    2
   c - Call Canine Familiar           Summoning                    3
   d - Summon Guardian Golem          Hexes/Summoning              3
   e - Summon Lightning Spire         Summoning/Air                4
   f - Summon Ice Beast               Ice/Summoning                4
 R - a book of Conjurations

   Spells                             Type                      Level
   a - Magic Dart                     Conjuration                  1
   b - Searing Ray                    Conjuration                  2
   c - Dazzling Spray                 Conjuration/Hexes            3
   d - Fulminant Prism                Conjuration/Hexes            4
   e - Force Lance                    Conjuration/Translocation    4
   f - Iskenderun's Mystic Blast      Conjuration                  4
Comestibles
 f - 10 bread rations
 l - 5 meat rations
 O - 24 fruits


   Skills:
 + Level 10.5 Fighting
 * Level 12.7 Maces & Flails
 - Level 3.2 Armour
 - Level 3.2 Shields


You had 9 spell levels left.
You didn't know any spells.

Dungeon Overview and Level Annotations

Branches:
Dungeon (10/15)            Temple (1/1) D:4
   Lair: D:8-11         Orc: D:9-12

Altars:
Ashenzari
Cheibriados
Dithmenos
Elyvilon
Fedhas
Gozag
Hepliaklqana
Kikubaaqudgha
Makhleb
Nemelex Xobeh
Okawaru
Qazlal
Ru
Sif Muna
Trog
Uskayaw
Vehumet
Wu Jian
Xom
Yredelemnul
Zin
The Shining One

Shops:
D:8 *   D:9 !!?

Annotations:
D:10 Snorg


Innate Abilities, Weirdness & Mutations

You are resistant to torment.
Your stone body is resilient. (AC +7)
You are immune to poison.
You resist negative energy. (rN+)
You are resistant to electric shocks. (rElec)
You can survive without breathing.
You are immune to petrification.
You are immune to rotting.
You have large cloven feet.
You are agile. (Dex +2)
You have an increased reservoir of magic. (+10% MP)
Your movements are slightly less encumbered by armour. (ER -2)


Message History

You whack Snorg! You freeze Snorg. Your kick misses Snorg.
Snorg is almost dead.
You whack Snorg! You freeze Snorg. Your kick misses Snorg.
Snorg is almost dead.
Snorg bites you. Snorg closely misses you. You block Snorg's attack.
You whack Snorg! You freeze Snorg. Your kick misses Snorg.
Snorg is almost dead.
Snorg closely misses you. Snorg claws you!
* * * LOW HITPOINT WARNING * * *
Snorg claws you but does no damage.
You hit Snorg. You freeze Snorg. Your kick misses Snorg.
Snorg is almost dead.
Snorg misses you. Snorg claws you!
* * * LOW HITPOINT WARNING * * *
Snorg claws you.
* * * LOW HITPOINT WARNING * * *
You hit Snorg. You freeze Snorg. You kick Snorg, but do no damage.
Snorg is almost dead.
Snorg bites you but does no damage. Snorg claws you.
You die...

#.......#....(.#.#
#......###...>†#.#
#......###.##..#.#
.#..._......##..#.#
................#.#
#.......##.......#
..#.##.###.....###
###.##.##......#
.......T@....####
..#####.##...# #..
..)# #.# .## ... ..
#.# ## #.# ##


You could see Snorg (berserk).

Vanquished Creatures
  Pikel (D:4)
  Psyche (D:8)
  A troll (D:9)
  2 hippogriffs (D:9)
  A steam dragon (D:9)
  Duvessa (D:7)
  2 sky beasts (D:7)
  4 orc warriors
  2 phantoms
  2 ice beasts
  A necrophage (D:10)
  An ogre (D:6)
  An eye of draining (D:9)
  6 centaurs
  2 big kobolds
  7 bullfrogs
  Dowan (D:7)
  4 scorpions
  4 wights (D:7)
  A howler monkey (D:10)
  2 crimson imps
  A gnoll shaman (D:4)
  2 orc priests
  2 bullfrog skeletons
  4 centaur skeletons
  2 hounds
  A jelly (D:8)
  11 orc wizards
  Jessica (D:3)
  An iguana (D:8)
  10 worker ants
  Robin (D:2)
  2 hound skeletons
  4 gnolls (D:4)
  10 adders
  A shadow imp (D:5)
  An ooze (D:6)
  2 adder zombies
  4 worms
  4 leopard geckos
  40 orcs
  10 bats
  8 giant cockroaches
  11 goblins
  8 hobgoblins
  14 jackals
  9 kobolds
  6 quokkas
  3 frilled lizards
  2 leopard gecko skeletons (D:4)
  A quokka zombie (D:6)
  6 rats
229 creatures vanquished.

Notes
Turn   | Place    | Note
-------+----------+-------------------------------------------
     0 | D:1      | theAP the Gargoyle Fighter began the quest for the Orb.
     0 | D:1      | Reached XP level 1. HP: 14/14 MP: 1/1
   152 | D:1      | Reached XP level 2. HP: 18/19 MP: 2/2
   801 | D:2      | Reached XP level 3. HP: 21/24 MP: 3/3
   815 | D:2      | Reached skill level 3 in Maces & Flails
  1476 | D:2      | Reached XP level 4. HP: 29/29 MP: 4/4
  1598 | D:3      | Noticed Robin
  1598 | D:3      | Noticed a big kobold
  1615 | D:2      | Killed Robin
  1678 | D:2      | Killed a big kobold
  1678 | D:2      | Reached skill level 4 in Maces & Flails
  1678 | D:2      | Reached XP level 5. HP: 31/34 MP: 5/5
  1829 | D:3      | Reached skill level 5 in Fighting
  1836 | D:3      | Reached XP level 6. HP: 29/40 MP: 6/6
  1864 | D:3      | Reached skill level 5 in Maces & Flails
  1962 | D:3      | Noticed Jessica
  1986 | D:3      | Killed Jessica
  2042 | D:3      | Found a faded altar of an unknown god.
  2335 | D:4      | Reached XP level 7. HP: 38/45 MP: 7/7
  2444 | D:4      | Reached skill level 6 in Maces & Flails
  2483 | D:4      | Found a staircase to the Ecumenical Temple.
  2493 | D:4      | Found a hide-covered altar of Uskayaw.
  2600 | Temple   | Entered the Ecumenical Temple
  2700 | Temple   | Became a worshipper of Warmaster Okawaru
  2761 | D:4      | Noticed Pikel
  2794 | D:4      | Killed Pikel
  2794 | D:4      | Reached skill level 7 in Maces & Flails
  2794 | D:4      | Reached XP level 8. HP: 47/52 MP: 8/8
  3169 | D:5      | Entered Level 5 of the Dungeon
  3204 | D:5      | Reached skill level 8 in Maces & Flails
  3230 | D:5      | Reached * piety under Okawaru
  3932 | D:6      | Reached skill level 9 in Maces & Flails
  4086 | D:6      | Reached XP level 9. HP: 53/59 MP: 9/9
  4165 | D:6      | Found a radiant altar of Vehumet.
  4637 | D:7      | Reached ** piety under Okawaru
  4793 | D:7      | Reached skill level 10 in Maces & Flails
  5010 | D:7      | Noticed Dowan
  5012 | D:7      | Noticed Duvessa
  5042 | D:7      | Killed Duvessa
  5062 | D:7      | Killed Dowan
  5502 | D:8      | Found Gaynerph's Assorted Antiques.
  5529 | D:8      | Bought a spiked helmet for 285 gold pieces
  5539 | D:8      | Identified the +2 helmet of the Tundras {+Fly rElec Str+2 Int-4 Slay-6} (You bought it in a shop on level 8 of the Dungeon)
  5704 | D:8      | Reached skill level 11 in Maces & Flails
  5747 | D:8      | Noticed Psyche
  5807 | D:8      | Killed Psyche
  5807 | D:8      | Reached XP level 10. HP: 28/66 MP: 10/10
  5811 | D:8      | Reached *** piety under Okawaru
  6117 | D:8      | Gained mutation: Your mind is acute. (Int +2) [potion of mutation]
  6117 | D:8      | Gained mutation: You are agile. (Dex +2) [potion of mutation]
  6117 | D:8      | Gained mutation: You have sharp toenails. [potion of mutation]
  6118 | D:8      | Lost mutation: You are agile. (Dex +2) [potion of mutation]
  6118 | D:8      | Lost mutation: Your mind is acute. (Int +2) [potion of mutation]
  6118 | D:8      | Lost mutation: You have sharp toenails. [potion of mutation]
  6118 | D:8      | Gained mutation: Your movements are slightly less encumbered by armour. (ER -2) [potion of mutation]
  6118 | D:8      | Gained mutation: You have large cloven feet. [potion of mutation]
  6118 | D:8      | Gained mutation: You have an increased reservoir of magic. (+10% MP) [potion of mutation]
  6118 | D:8      | Gained mutation: You are agile. (Dex +2) [potion of mutation]
  6237 | D:8      | Found a basalt altar of Yredelemnul.
  6480 | D:9      | Found Ogeikhlu's Magic Scroll Shoppe.
  6555 | D:9      | Found Cutocuh's Distillery.
  6603 | D:9      | Found Nane's Distillery.
  6741 | D:9      | Reached skill level 10 in Fighting
  6775 | D:9      | Reached skill level 12 in Maces & Flails
  7226 | D:9      | Found a shattered altar of Ashenzari.
  7229 | D:9      | Found a blossoming altar of Fedhas.
  7232 | D:9      | Found a stormy altar of Qazlal.
  7458 | D:10     | Entered Level 10 of the Dungeon
  7474 | D:10     | Reached **** piety under Okawaru
  7474 | D:10     | Received a gift from Okawaru
  7496 | D:10     | Found a sacrificial altar of Ru.
  7501 | D:10     | Noticed Snorg
  7516 | D:10     | Slain by Snorg

Vault maps used:
D:1:      onia_arrival_mini_maze
D:2:      first_bread
D:3:      chequers_ecumenical_altar_island, grunt_ministairs_2, uniq_robin,
          uniq_jessica
D:4:      kennysheep_mini_moat, temple_pool_b, uniq_pikel
D:5:      minmay_misc_feat_encased, abandoned_shop, kennysheep_small_spiral
D:6:      vehumet_crystals
D:7:      uniq_duvessa
D:8:      overflow_temple_1_default, serial_shops,
          nicolae_shop_competitors_out_of_business, minivault_19, uniq_psyche
D:9:      grunt_temple_overflow_diamond, serial_shops, shop_statue, shop,
          shop_statue, blue_anna_alchemist
D:10:     orc_david_3, basic_altar, uniq_snorg, uniq_erolcha
Temple:   eino_temple_scatter_basement

Skill      XL: |  1  2  3  4  5  6  7  8  9 10 |
---------------+-------------------------------+-----
Maces & Flails | 3 4 5 7 9 11 12 | 12.7
Fighting       | 4 5 6 7 9 10 | 10.5
Armour         | |  3.2
Shields        | |  3.2

Action                   |  1- 3 |  4- 6 |  7- 9 | 10-12 || total
-------------------------+-------+-------+-------+-------++-------
Melee: Flail             |   176 |   239 |    81 |       ||   496
       Whip              |       |       |   603 |   268 ||   871
       Kick              |       |       |       |    71 ||    71
Evoke: Wand              |       |       |       |     5 ||     5
  Use: Scroll            |     8 |     4 |     9 |     3 ||    24
       Potion            |       |       |     2 |     5 ||     7
  Eat: Chunk             |     1 |     4 |     6 |       ||    11
       Royal jelly       |       |       |     2 |     3 ||     5
       Fruit             |       |       |     4 |       ||     4
Armor: Scale mail        |    71 |       |       |       ||    71
       Plate armour      |   128 |   167 |   275 |   119 ||   689
Dodge: Dodged            |    51 |    88 |   120 |    51 ||   310
Block: Shield            |   133 |   142 |   222 |    92 ||   589
